 Dungeon Crawl Stone Soup version 0.31-a0-355-g57cb03d3e8 (webtiles) character file.

Game seed: 4297780041480897589

70 Newt the Changeling (level 4, 0/37 HPs)
             Began as a Merfolk Shapeshifter on July 24, 2023.
             Slain by an orc wizard
             ... wielding a +0 dagger
              (1 damage)
             ... on level 3 of the Dungeon.
             The game lasted 00:01:55 (1447 turns).

Newt the Changeling (Merfolk Shapeshifter)          Turns: 1447, Time: 00:01:56

Health: 0/37       AC:  2    Str: 17    XL:     4   Next: 22%
Magic:  4/4        EV: 13    Int:  7    God:
Gold:   114        SH:  0    Dex: 14    Spells: 3/3 levels left

rFire   . . .        k - +0 dagger (drain)
rCold   . . .        (no shield)
rNeg    . . .        a - +0 animal skin
rPois   .            (helmet currently unavailable)
rElec   .            (cloak currently unavailable)
rCorr   .            (gloves currently unavailable)
SInv    .            (boots currently unavailable)
Will    .....        f - amulet of magic regeneration
Stlth   +            j - ring of flight
HPRegen 0.26/turn    (no ring)
MPRegen 0.49/turn

%: no passive effects
@: confused, beast-form, flying
A: beast (slay +2), (nimble swimmer 2), mertail
a: Begin Untransformation


You were on level 3 of the Dungeon.
You were a hulking beast.
You visited 1 branch of the dungeon, and saw 3 of its levels.

You collected 114 gold pieces.

Inventory:

Hand Weapons
 k - a +0 dagger of draining (weapon)
Armour
 a - a +0 animal skin (worn)
Jewellery
 f - an amulet of magic regeneration (around neck)
 j - a ring of flight (left hand)
 l - a ring of fire
Talismans
 c - a beast talisman
Scrolls
 d - 2 scrolls of teleportation
 g - a scroll of poison
 h - a scroll of fear
 p - a scroll of amnesia {unknown}
Potions
 e - a potion of curing
 i - a potion of mutation
 m - a potion of degeneration
 n - a potion of enlightenment


   Skills:
 - Level 4.0 Fighting
 + Level 3.4 Dodging
 - Level 3.2 Unarmed Combat
 - Level 4.0 Shapeshifting


You had 3 spell levels left.
You didn't know any spells.
Your spell library was empty.

Dungeon Overview and Level Annotations

Branches:
Dungeon (3/15)

Altars:

Annotations:
D:3 3 runed translucent doors, GrumpyGrim72's ghost, amateur OpCj


Innate Abilities, Weirdness & Mutations

You are a hulking beast.
Your limbs bulge with bestial killing power. (Slay +2)
((You are very nimble when in or above water. (Stealth+, EV+, Speed+++)))
Your lower body shifts to a powerful aquatic tail in water.


Message History

The magic dart hits you.
* * * LOW HITPOINT WARNING * * *
You cannot move.
Okay, then.
Okay, then.
You cannot move.
You cannot move.
You cannot move.
You miss something.
Your transformation is almost over.
The orc hits you but does no damage.
You hear some strange, mumbled words.
Something tries to affect you, but you resist.
You closely miss something. The orc hits you but does no damage.
Something hits you but does no damage.
You closely miss something.
The orc hits you from afar with a +0 trident.
* * * LOW HITPOINT WARNING * * *
Something hits you but does no damage.
You closely miss something. The orc hits you but does no damage.
You hear some strange, mumbled words.
You are confused.
You miss something. The orc barely misses you.
You hear some strange, mumbled words.
A magic dart appears from out of thin air!
The magic dart hits you but does no damage.
You nearly hit yourself!
The orc hits you but does no damage. Something hits you but does no damage.
You swing at nothing.
The orc hits you but does no damage. Something hits you but does no damage.
You miss something. The orc barely misses you.
Something hits you but does no damage.
You completely miss something.
You feel less wooden.
Your +0 animal skin unmelds from your body.
You turn into a hulking beast.
The orc hits you from afar with a +0 trident.
* * * LOW HITPOINT WARNING * * *
Something hits you.
You die...

..............####..##.#
##............####.....#
K##............##....###
#K#...#.....#†..........#
KW+.#.#.###...#..#.[.#....
.K+...#..###.....#.###.##.
.K+)####........##.# .
#.#.# #..#####...).## .
.##.###..# ###h{..#
##..##...# #)#....#
######.#.# #o#..#...
.#####.#.## #.# .....
.......#..# #.. ...
..#######.# ..# #... ..###
#.# ### . ....#####.#
.##....##.#


You could see an orc.

Vanquished Creatures
  2 adders (D:3)
  4 dart slugs
  3 orcs (D:3)
  2 ball pythons (D:1)
  A bat (D:3)
  An endoplasm (D:3)
  4 goblins
  4 hobgoblins
  3 jackals (D:3)
  2 quokkas
  4 frilled lizards
  5 kobolds
  6 rats (D:1)
41 creatures vanquished.

Notes
Turn   | Place    | Note
-------+----------+-------------------------------------------
     0 | D:1      | Newt the Merfolk Shapeshifter began the quest for the Orb.
     0 | D:1      | Reached XP level 1. HP: 15/15 MP: 1/1
    31 | D:1      | Reached XP level 2. HP: 17/22 MP: 2/2
   598 | D:1      | You fall into a shaft and drop 1 floor!
   644 | D:2      | Reached XP level 3. HP: 27/29 MP: 3/3
  1293 | D:3      | Found a runed translucent gate.
  1294 | D:3      | Found a runed translucent gate.
  1296 | D:3      | Found a runed translucent gate.
  1370 | D:3      | Noticed GrumpyGrim72's ghost (amateur OpCj)
  1372 | D:3      | Noticed a kobold brigand
  1387 | D:3      | Reached XP level 4. HP: 36/37 MP: 4/4
  1447 | D:3      | HP: 1/37 [orc/+0 trident (3)]
  1447 | D:3      | Slain by an orc wizard

Illustrated notes

Levels and vault maps discovered:
D:1:      scummos_arrival_forest, layout_rooms, st_stairs_9
D:2:      layout_rooms
D:3:      layout_rooms, gammafunk_ghost_nasty_kobolds, minmay_misc_feat_tiny

Skill      XL: |  1  2  3  4 |
---------------+-------------+-----
Fighting       | 2 3 4 |  4.0
Dodging        | 3 |  3.4
Unarmed Combat | |  3.2
Shapeshifting  | |  4.0

Action                     |  1- 3 |  4- 6 || total
---------------------------+-------+-------++-------
  Melee: Unarmed           |    62 |       ||    62
         Punch             |     2 |       ||     2
         Dagger            |    15 |    33 ||    48
    Use: Scroll            |     9 |       ||     9
         Potion            |     1 |     2 ||     3
   Stab: Sleeping          |     2 |       ||     2
 Armour: Animal skin       |    11 |     7 ||    18
         Skin              |       |    31 ||    31
  Dodge: Dodged            |    43 |    24 ||    67

Table legend: (Time is in decaauts)
 A = Elapsed time spent in this place.
 B = Non-inter-level travel time spent in this place.
 C = Inter-level travel time spent in this place.
 D = Time resting spent in this place.
 E = Time spent auto-exploring this place.
 F = Levels seen in this place.
 G = Mean time per level.
                   A        B        C        D        E       F      G
               +--------+--------+--------+--------+--------+-----+--------+
         Total |   1441 |   1391 |     50 |    209 |    910 |   3 |  480.3 |
       Dungeon |   1441 |   1391 |     50 |    209 |    910 |   3 |  480.3 |
               +--------+--------+--------+--------+--------+-----+--------+

Top non-repeatable levels by time:
     D:1: 736 daAuts
     D:2: 419 daAuts
     D:3: 285 daAuts
